 Dungeon Crawl Stone Soup version 0.31.0-32-g396128a36d (webtiles) character file.

Game seed: 6355985026016523037

1717 spaghetti the Thaumaturge (level 9, -3/111 HPs)
             Began as an Oni Summoner on Mar 9, 2024.
             Slain by a +2 rapier of chaos (16 damage)
             ... on level 6 of the Dungeon.
             The game lasted 00:08:08 (6587 turns).

spaghetti the Thaumaturge (Oni Summoner)            Turns: 6587, Time: 00:08:09

Health: -3/111     AC:  3    Str: 14    XL:     9   Next: 4%
Magic:  12/21      EV:  9    Int: 20    God:
Gold:   283        SH:  0    Dex:  9    Spells: 15/25 levels left

rFire   . . .        h - +7 spear
rCold   . . .        (no shield)
rNeg    . . .        a - +0 robe
rPois   .            (helmet restricted)
rElec   .            (no cloak)
rCorr   .            (gloves unavailable)
SInv    .            (boots unavailable)
Will    .....        (no amulet) Stlth
                     (no ring)
HPRegen 0.38/turn    (no ring)
MPRegen 0.17/turn

%: no passive effects
@: confused, berserking, inugami summoned, very quick
A: large, unfitting armour, horns 1, tough skin 1, double potion healing,
drunken brawling
a: no special abilities


You were on level 6 of the Dungeon.
You visited 1 branch of the dungeon, and saw 6 of its levels.

You collected 283 gold pieces.

Inventory:

Hand Weapons
 e - a +1 scythe of protection
 h - a +7 spear (weapon)
Armour
 a - a +0 robe (worn)
Magical Staves
 f - a staff of death
 k - a staff of earth
Jewellery
 p - a ring of magical power
Scrolls
 i - a scroll of teleportation
 j - a scroll of revelation
 l - 2 scrolls of enchant armour
 n - a scroll of fear
 o - 2 scrolls of identify
Potions
 b - a potion of magic
 c - 3 potions of curing
 d - a potion of heal wounds
 g - 3 potions of brilliance
 m - a potion of enlightenment
 q - a potion of invisibility {unknown}


   Skills:
 - Level 1.7 Dodging
 - Level 1.4 Stealth
 + Level 8.6 Spellcasting
 + Level 7.8 Summonings
 + Level 3.1 Air Magic


You had 15 spell levels left.
You knew the following spells:

 Your Spells              Type           Power      Damage    Failure   Level
a - Summon Small Mammal   Summ           100%       N/A       1%          1
b - Call Imp              Summ           78%        N/A       1%          2
c - Call Canine Familiar  Summ           39%        N/A       1%          3
d - Summon Lightning Spi  Summ/Air       30%        N/A       9%          4

Your spell library contained the following spells:

 Spells                   Type           Power      Damage    Failure   Level
 Summon Blazeheart Golem  Fire/Summ      24%        N/A       16%         4


Dungeon Overview and Level Annotations

Branches:
Dungeon (6/15)             Temple (0/1) D:5

Altars:
Fedhas
Nemelex Xobeh
Xom

Shops:
D:6 ?

Annotations:
D:4 1 runed translucent door, AbbaRin's ghost, amateur DECj
D:6 PaiMei's ghost, novice DsNe


Innate Abilities, Weirdness & Mutations

You are too large for most types of armour.
You have a pair of small horns on your head.
You have tough skin. (AC +1)
You gain doubled healing and magic from potions.
Whenever you drink a healing potion, you attack all around you.


Message History

Your quokka's corpse disappears in a puff of smoke!
Your cerulean imp hits PaiMei's ghost but does no damage.
PaiMei's ghost says, "Death will always conquer life."
Your inugami hits PaiMei's ghost.
Your cerulean imp hits PaiMei's ghost with a -1 spear.
Your inugami hits PaiMei's ghost but does no damage.
Your cerulean imp barely misses PaiMei's ghost.
The +2 rapier of chaos hits you! The +2 rapier of chaos freezes you.
Your inugami hits PaiMei's ghost.
Your cerulean imp closely misses PaiMei's ghost.
The +2 rapier of chaos hits you!
A red film seems to cover your vision as you go berserk!
You feel yourself moving faster!
You feel mighty!
You closely miss the +2 rapier of chaos.
Your cerulean imp hits PaiMei's ghost but does no damage.
The +2 rapier of chaos hits you! The +2 rapier of chaos burns you.
* * * LOW HITPOINT WARNING * * *
You closely miss the +2 rapier of chaos.
The +2 rapier of chaos hits you!
* * * LOW HITPOINT WARNING * * *
The +2 rapier of chaos freezes you.
* * * LOW HITPOINT WARNING * * *
Your lightning spire shoots out a bolt of lightning at PaiMei's ghost!
The bolt of electricity hits PaiMei's ghost.
The +2 rapier of chaos hits you.
* * * LOW HITPOINT WARNING * * *
The +2 rapier of chaos freezes you.
* * * LOW HITPOINT WARNING * * *
You closely miss the +2 rapier of chaos.
Your headbutt misses the +2 rapier of chaos.
Your cerulean imp hits PaiMei's ghost but does no damage.
Your lightning spire shoots out a bolt of lightning at PaiMei's ghost!
The bolt of electricity hits PaiMei's ghost.
PaiMei's ghost wails, "You will never get the ORB!"
The +2 rapier of chaos hits you.
* * * LOW HITPOINT WARNING * * *
You are confused.
Unknown command.
You're too confused to move!
The +2 rapier of chaos hits you!
You die...

....#....#.....##.##......>.....#
....#....#.....#$_.#.....########
....#....'.....##'##.....#>......
....#....#...............#.......
....########'##.5.8......#...>...
##....#..###.###..##.....#.......
.#....#..........h#......#.......
.'....#.........(W#......#.......
'#....######'###@###.###'#.......
.)...##.####.###.###.##..#.....##
.....#...'...#....#......'.....#
.....'...#...#....#......#.....#
.....###############.##.##..[..##
...................#.##.#####....
...................#...รท....#....
...................'........#....
...................###..##.##....


You could see a +2 rapier of chaos, PaiMei's ghost (ally target), a friendly
lightning spire (summoned), a friendly cerulean imp (summoned) and a friendly
inugami (summoned).

Vanquished Creatures
  An ice beast (D:4)
  2 lemures (D:4)
  A hound (D:5)
  2 orc wizards (D:3)
  4 adders
  2 dart slugs
  A ribbon worm (D:2)
  An orc (D:3)
  4 ball pythons
  5 bats
  3 endoplasms
  A giant cockroach (D:3)
  2 goblins
  A hobgoblin (D:2)
  2 jackals (D:1)
  A quokka (D:1)
  A frilled lizard (D:3)
  3 kobolds
  A rat (D:3)
38 creatures vanquished.

Vanquished Creatures (collateral kills)
  Pikel (D:4)
  Sigmund (D:2)
  An ice beast (D:5)
  A phantom (D:5)
  A nameless horror (D:4)
  A bullfrog (D:6)
  3 scorpions
  3 wights (D:6)
  A bombardier beetle (D:6)
  An orc priest (D:4)
  3 hounds
  Robin (D:2)
  A gnoll (D:5)
  7 adders
  A white imp (D:6)
  2 ufetubi (D:5)
  A ribbon worm (D:4)
  3 orcs (D:4)
  2 ball pythons
  2 endoplasms (D:1)
  A giant cockroach (D:4)
  11 goblins (D:2)
  8 hobgoblins
  4 jackals
  2 kobolds
  A rat (D:3)
64 creatures vanquished.

Grand Total: 102 creatures vanquished

Notes
Turn   | Place    | Note
-------+----------+-------------------------------------------
     0 | D:1      | spaghetti the Oni Summoner began the quest for the Orb.
     0 | D:1      | Reached XP level 1. HP: 16/16 MP: 3/3
   161 | D:1      | Reached XP level 2. HP: 9/24 MP: 2/5
   308 | D:1      | Reached skill level 3 in Spellcasting
   330 | D:1      | Learned a level 2 spell: Call Imp
   902 | D:1      | Reached XP level 3. HP: 31/31 MP: 7/7
   906 | D:1      | Learned a level 3 spell: Call Canine Familiar
  1346 | D:2      | Noticed Robin
  1392 | D:2      | Killed Robin
  1393 | D:2      | Reached XP level 4. HP: 11/39 MP: 1/9
  1826 | D:2      | Reached skill level 4 in Spellcasting
  1976 | D:2      | Noticed Sigmund
  1994 | D:2      | Killed Sigmund
  1995 | D:2      | Reached skill level 5 in Spellcasting
  1995 | D:2      | Reached skill level 5 in Summonings
  1995 | D:2      | Reached XP level 5. HP: 29/45 MP: 3/12
  1995 | D:2      | Reached XP level 6. HP: 34/53 MP: 3/13
  2423 | D:3      | Found a blossoming altar of Fedhas.
  2515 | D:3      | Learned a level 4 spell: Summon Lightning Spire
  3408 | D:4      | Noticed a nameless horror
  3471 | D:4      | Noticed an ice beast
  3600 | D:4      | Killed an ice beast
  3601 | D:4      | Reached skill level 6 in Spellcasting
  3601 | D:4      | Reached XP level 7. HP: 59/59 MP: 7/16
  3772 | D:4      | Noticed Pikel
  3923 | D:4      | Killed a nameless horror
  3962 | D:4      | Killed Pikel
  3963 | D:4      | Reached skill level 7 in Spellcasting
  3963 | D:4      | Reached XP level 8. HP: 42/67 MP: 5/19
  4203 | D:4      | Found a runed translucent door.
  4320 | D:4      | Noticed AbbaRin's ghost (amateur DECj)
  4505 | D:5      | Entered Level 5 of the Dungeon
  4732 | D:5      | Reached skill level 1 in Air Magic
  4852 | D:5      | Found a staircase to the Ecumenical Temple.
  4930 | D:5      | Reached skill level 8 in Spellcasting
  5002 | D:5      | Found a sparkling altar of Nemelex Xobeh.
  5778 | D:6      | Found a runed translucent door.
  5778 | D:6      | Found a shimmering altar of Xom.
  5778 | D:6      | Noticed PaiMei's ghost (novice DsNe)
  5781 | D:6      | Noticed a +2 rapier of chaos
  5862 | D:6      | Reached XP level 9. HP: 74/74 MP: 12/21
  6468 | D:6      | Found Tostoila's Magic Scroll Shoppe.
  6587 | D:6      | Slain by a +2 rapier of chaos

Illustrated notes

Levels and vault maps discovered:
D:1:      dpeg_arrival_water_temple_mockup, layout_basic
D:2:      layout_rooms, serial_curves, eino_curves_03, eino_curves_03,
          uniq_robin, uniq_sigmund
D:3:      layout_loops_ring, fedhas_altar_1,
          mainiacjoe_sewer_entry_somewhere_in_here_1
D:4:      layout_rooms, gammafunk_ghost_grave, chequers_mini_garden, uniq_pikel
D:5:      layout_cave_pools, mainiacjoe_overflow_catwalk,
          minmay_temple_entry_purple_smoke, cheibrodos_gnoll_hut
D:6:      layout_gridville, ebering_ghost_xom, serial_shops,
          nicolae_shop_rolling_square, serial_library_hellmonk_recessed_alcove

Skill      XL: |  1  2  3  4  5  6  7  8 |
---------------+-------------------------+-----
Spellcasting   | 3 5 6 7 8 |  8.6
Summonings     | 4 5 6 7 |  7.8
Air Magic      | 3 |  3.1
Dodging        | |  1.7
Stealth        | |  1.4

Action                     |  1- 3 |  4- 6 |  7- 9 || total
---------------------------+-------+-------+-------++-------
  Melee: Unarmed           |    75 |       |       ||    75
         Headbutt          |    11 |     6 |     4 ||    21
         Staff             |    23 |       |       ||    23
         Spear             |       |    76 |    24 ||   100
   Cast: Summon Small Mamm |    19 |    11 |    17 ||    47
         Call Imp          |     4 |    15 |    15 ||    34
         Call Canine Famil |     3 |    13 |    13 ||    29
         Summon Lightning  |       |       |    23 ||    23
    Use: Scroll            |     4 |     3 |     1 ||     8
         Potion            |       |     7 |       ||     7
   Stab: Sleeping          |     1 |       |       ||     1
         Distracted        |       |       |     1 ||     1
 Armour: Robe              |   111 |    49 |    17 ||   177
  Dodge: Dodged            |    97 |    37 |     8 ||   142
